 Dungeon Crawl Stone Soup version 0.25-a0-1130-g3926558f3a (webtiles) character file.

Game seed: 15393074323447068534, levelgen mode: deterministic

2 Vilnix42 the Ruffian (level 1, -1/16 HPs)
             Began as a Draconian Transmuter on May 19, 2020.
             Slain by a hobgoblin
             ... wielding a +0 club
              (3 damage)
             ... on level 1 of the Dungeon.
             The game lasted 00:04:33 (177 turns).

Vilnix42 the Ruffian (Draconian Transmuter)          Turns: 177, Time: 00:04:34

Health: -1/16      AC:  4    Str: 12    XL:     1   Next: 25%
Magic:  3/3        EV: 12    Int: 13    God:
Gold:   10         SH:  0    Dex: 11    Spells: 3/4 levels left

rFire    . . .     SeeInvis .     - Unarmed
rCold    . . .     Gourm    .   (no shield)
rNeg     . . .     Faith    .   (armour unavailable)
rPois    .         Spirit   .   (helmet restricted)
rElec    .         Reflect  .   (no cloak)
rCorr    .         Harm     .   (no gloves)
MR       .....                  (no boots)
Stlth    ..........             (no amulet)
HPRegen  0.05/turn              b - ring of attention (curse)
MPRegen  0.08/turn              (no ring)

@: no status effects
A: unfitting armour, cold-blooded, AC +4
a: no special abilities


You were on level 1 of the Dungeon.
You were not hungry.

You visited 1 branch of the dungeon, and saw 1 of its levels.

You collected 10 gold pieces.

Inventory:

Missiles
 a - 10 arrows (quivered)
Jewellery
 b - a cursed ring of attention (left hand)
Scrolls
 d - 2 scrolls of identify {unknown}
 e - a scroll of fear {unknown}
Comestibles
 c - 2 rations


   Skills:
 + Level 1.1 Fighting
 + Level 1.7 Dodging
 + Level 3.1 Unarmed Combat
 + Level 2.0 Spellcasting
 + Level 2.0 Transmutations


You had 3 spell levels left.
You knew the following spells:

 Your Spells              Type           Power        Failure   Level  Hunger
a - Beastly Appendage     Tmut           #.....       11%         1    ##.....

Your spell library contained the following spells:

 Spells                   Type           Power        Failure   Level  Hunger
 Sticks to Snakes         Tmut           #.......     17%         2    ###....
 Spider Form              Tmut/Pois      #.........   45%         3    ####...
 Ice Form                 Ice/Tmut       #.......     86%         4    #####..
 Blade Hands              Tmut           #.........   97%         5    ######.


Dungeon Overview and Level Annotations

Branches:
Dungeon (1/15)

Altars:


Innate Abilities, Weirdness & Mutations

Your plain brown scales are hard. (AC +4)
You cannot fit into any form of body armour.
You are cold-blooded and may be slowed by cold attacks.


Message History

The hobgoblin hits you with a +0 club.
You closely miss the hobgoblin.
The hobgoblin is heavily wounded.
A goblin comes into view.
The hobgoblin hits you with a +0 club.
* * * LOW HITPOINT WARNING * * *
You barely miss the hobgoblin.
The hobgoblin is heavily wounded.
The goblin shouts!
The hobgoblin hits you with a +0 club.
* * * LOW HITPOINT WARNING * * *
You closely miss the hobgoblin.
The hobgoblin is heavily wounded.
You closely miss the hobgoblin.
The hobgoblin is heavily wounded.
The hobgoblin completely misses you.
You closely miss the hobgoblin.
The hobgoblin is heavily wounded.
The hobgoblin hits you with a +0 club.
You die...

#. ##### #.##. ##..
.... #.##. ...
##.############.##.
#.##.............#.##.
##g.#..................
#......###.#.#..#.#.#..
..#.....)#
#.#.#..#.#.#..
.........#
#.#.#>.#.#.#..
.......g@#
#.#.#..#.#.#..
...#..#..#
#.#.#..#.#....
.....$...#
#.#.#..#.###..
...#?#(..#
#.#.#..#.###.#
.......... #.#.........
##.#.##..##
#.##.#.###.#
#.#.##..#####.##.#.#
#.#
#.#.##.>...........#
#.#
#.#.##..#####.####.#
#.#


You could see a hobgoblin and a goblin.

Vanquished Creatures
  A bat (D:1)
  A goblin (D:1)
  A rat (D:1)
3 creatures vanquished.

Notes
Turn   | Place    | Note
-------+----------+-------------------------------------------
     0 | D:1      | Vilnix42 the Draconian Transmuter began the quest for the
                  | Orb.
     0 | D:1      | Reached XP level 1. HP: 16/16 MP: 3/3
   177 | D:1      | Slain by a hobgoblin

Illustrated notes

Levels and vault maps discovered:
D:1:      erik_arrival_blinker_ship, layout_basic, minivault_5

Action                   || total
-------------------------++-------
Melee: Unarmed           ||    20
       Tailslap          ||     1
       Punch             ||     1
Armor: Skin              ||    10
Dodge: Dodged            ||    18

Table legend:
 A = Non-vault XP
 B = Vault XP
 C = Vault XP percentage of total XP
 D = Non-vault monster count
 E = Vault monster count
 F = Vault count percentage of total count
                 A         B        C        D         E       F
            +---------+---------+-------+---------+---------+-------
      Total |       3 |       0 |   0.0 |       3 |       0 |   0.0
            +---------+---------+-------+---------+---------+-------
        D:1 |       3 |       0 |   0.0 |       3 |       0 |   0.0
            +---------+---------+-------+---------+---------+-------
